 Dungeon Crawl Stone Soup version 0.17.0-25-gefc9c12 (webtiles) character file.

265 septik the Ruffian (level 6, -1/56 HPs)
             Began as a Naga Fighter on Nov 18, 2015.
             Slain by a centaur zombie (5 damage)
             ... on level 4 of the Dungeon.
             The game lasted 00:09:30 (3927 turns).

septik the Ruffian (Naga Fighter)                   Turns: 3927, Time: 00:09:30

Health: -1/56      AC:  7    Str: 18    XL:     6   Next: 20%
Magic:  6/6        EV:  2    Int: 14    God:
Gold:   170        SH:  8    Dex: 12    Spells: 0 memorised, 5 levels left

rFire  . . .     SeeInvis +       - Unarmed
rCold  . . .     Clarity  .     p - +0 chain mail
rNeg   . . .     SustAt   .     b - +0 shield
rPois  +         Gourm    .     s - +0 helmet
rElec  .         Spirit   .     (no cloak)
rCorr  .         Warding  .     (no gloves)
rMut   .         Stasis   .     (no barding)
MR     .....                    (no amulet)
Stlth  ..........               (no ring)
                                (no ring)

@: brilliant, slowed, very slow, not resistant to hostile enchantments,
extremely unstealthy
A: see invisible, deformed body, poison resistance, slowness 2, slow metabolism
1, spit poison 2, AC +2
a: Spit Poison


You were on level 4 of the Dungeon.
You were hungry.

You visited 1 branch of the dungeon, and saw 4 of its levels.

You collected 170 gold pieces.

Inventory:

Missiles
 o - 5 stones (quivered)
 q - a throwing net
Armour
 b - a +0 shield (worn)
 p - a +0 chain mail (worn)
 s - a +0 helmet (worn)
Scrolls
 e - a scroll of noise {unknown}
 j - 2 scrolls of identify
 k - a scroll of remove curse
 l - 4 scrolls of teleportation
 r - a scroll of fog
 t - a scroll of enchant weapon
Potions
 a - a potion of haste {unknown}
 c - a potion of might
 g - a potion of brilliance
 i - a potion of agility
 m - a potion of poison {unknown}
Comestibles
 d - 3 bread rations
 f - 3 fruits
 h - 2 meat rations


   Skills:
 - Level 3.0 Fighting
 - Level 2.4 Armour
 - Level 2.4 Shields
 + Level 6.3 Unarmed Combat


You had 5 spell levels left.
You didn't know any spells.

Dungeon Overview and Level Annotations

Branches:
Dungeon (4/15)
 Temple: D:4-7

Altars:
Elyvilon
Fedhas
Sif Muna
Trog

Annotations:
D:3 exclusion: oklob plant


Innate Abilities, Weirdness & Mutations

You cannot wear boots.
Your serpentine skin is tough (AC +2).
You have supernaturally acute eyesight.
Armour fits poorly on your strangely shaped body.
Your system is resistant to poisons.
You cover ground very slowly.
You have a slow metabolism.
You can spit poison.


Message History

You block the orc wizard's attack.
You have got your breath back.
The orc wizard points at you and mumbles some strange words.
You feel yourself slow down. The centaur zombie hits you.
* * * LOW HITPOINT WARNING * * *
The orc wizard hits you but does no damage.
The orc hits you but does no damage. You block the centaur zombie's attack.
You block the orc's attack.
The centaur zombie hits you but does no damage.
The orc wizard gestures wildly while chanting.
The orc wizard seems to speed up.
The centaur zombie hits you but does no damage.
The centaur zombie hits you.
* * * LOW HITPOINT WARNING * * *
Drink which item? (? for menu, Esc to quit)
It was a potion of brilliance.
You feel clever all of a sudden. The centaur zombie hits you.
You die...

#................# ...
#########........#
####''########............<...#
###.##........##.#..............#
....# ........##.#...............
...## ......##.#.............##
...#######..#.##.................
.........##'#.####......#########
...##........ooZ@................
###...........o###......########.
#............########## #.
#......###......... #. #......#
#.>....... #. ###......#
##........ #. .........#
#........ #. .........# #.)......
#. .........####........ #.


You could see an orc priest, an orc wizard, an orc and a centaur zombie.

Vanquished Creatures
  An orc wizard (D:4)
  Natasha (twice) (D:3)
  A worker ant (D:4)
  4 gnolls (D:4)
  7 adders
  An ooze (D:4)
  5 worms
  4 orcs
  A ball python (D:2)
  3 giant cockroaches
  9 goblins
  8 hobgoblins
  5 kobolds
  A quokka (D:2)
  2 bats (D:2)
  3 giant newts
  5 rats
62 creatures vanquished.

Notes
Turn   | Place    | Note
--------------------------------------------------------------
     0 | D:1      | septik the Naga Fighter began the quest for the Orb.
     0 | D:1      | Reached XP level 1. HP: 21/21 MP: 1/1
   331 | D:1      | Reached XP level 2. HP: 14/28 MP: 2/2
  1002 | D:2      | Reached XP level 3. HP: 27/34 MP: 3/3
  1355 | D:2      | Reached skill level 4 in Unarmed Combat
  1374 | D:2      | Reached XP level 4. HP: 42/42 MP: 4/4
  2057 | D:3      | Found a deep blue altar of Sif Muna.
  2137 | D:3      | Found a faded altar to an unknown god.
  2214 | D:3      | Noticed Natasha
  2227 | D:3      | Killed Natasha
  2227 | D:3      | Reached skill level 5 in Unarmed Combat
  2227 | D:3      | Reached XP level 5. HP: 41/49 MP: 5/5
  2693 | D:3      | Noticed Natasha
  2703 | D:3      | Killed Natasha
  2708 | D:3      | Found a white marble altar of Elyvilon.
  2844 | D:3      | Found a blossoming altar of Fedhas.
  2864 | D:3      | Noticed an oklob plant
  3412 | D:4      | Reached skill level 6 in Unarmed Combat
  3417 | D:4      | Found a bloodstained altar of Trog.
  3561 | D:4      | Reached XP level 6. HP: 46/56 MP: 6/6
  3927 | D:4      | Slain by a centaur zombie

Action                   |  1- 3 |  4- 6 || total
-------------------------+-------+-------++-------
Melee: Unarmed           |    87 |   147 ||   234
 Abil: Spit Poison       |    19 |    34 ||    53
  Use: Potion            |       |     5 ||     5
       Scroll            |       |     8 ||     8
  Eat: Chunk             |     2 |     3 ||     5
       Bread ration      |       |     1 ||     1
